 Dungeon Crawl Stone Soup version 0.25-a0-701-gb30f108f01 (webtiles) character file.

Game seed: 15556522036604611694, levelgen mode: deterministic

1914 kae the Grappler (level 8, -7/59 HPs)
             Began as a White Draconian Transmuter on Apr 3, 2020.
             Was a Believer of Uskayaw.
             Mangled by a two-headed ogre
             ... wielding a +0 dire flail
              (16 damage)
             ... on level 9 of the Dungeon.
             The game lasted 00:09:32 (10176 turns).

kae the Grappler (White Draconian Transmuter)      Turns: 10176, Time: 00:09:33

Health: -7/59      AC:  9    Str: 14    XL:     8   Next: 95%
Magic:  16/16      EV: 12    Int: 14    God:    Uskayaw [**....]
Gold:   310        SH:  0    Dex: 12    Spells: 8/18 levels left

rFire    . . .     SeeInvis .   i - +5 hand axe of Iliur {vamp, *Corrode +Rage +Inv Stlth-}
rCold    + + .     Gourm    .   (no shield)
rNeg     . . .     Faith    .   (armour unavailable)
rPois    .         Spirit   .   (helmet restricted)
rElec    .         Reflect  .   e - +1 cloak
rCorr    .         Harm     .   b - +0 pair of gloves
MR       .....                  (no boots)
Stlth    ..........             (no amulet)
HPRegen  0.19/turn              k - ring of protection from cold
MPRegen  0.15/turn              (no ring)

@: mighty, lethally poisoned (-7 -> -16)
A: breathe frost, unfitting armour, cold resistance 1, cold-blooded, AC +6
a: Breathe Frost, Stomp, Line Pass, Renounce Religion, Evoke Berserk Rage, Evoke
Invisibility


You were on level 9 of the Dungeon.
You worshipped Uskayaw.
Uskayaw was noncommittal.
You were hungry.

You visited 2 branches of the dungeon, and saw 8 of its levels.

You collected 310 gold pieces.

Inventory:

Hand Weapons
 d - a +0 hand axe
 i - the +5 hand axe of Iliur (weapon) {vamp, *Corrode +Rage +Inv Stlth-}
   (You found it on level 5 of the Dungeon)

   It inflicts no extra harm, but heals its wielder when it wounds a living foe.
   It lets you turn invisible.
   It lets you go berserk.
   It may corrode you when you take damage.
   It makes you less stealthy.
Missiles
 a - 107 arrows
Armour
 b - a +0 pair of gloves (worn)
 e - a +1 cloak (worn)
Jewellery
 k - a ring of protection from cold (left hand)
 r - an uncursed amulet of the acrobat {unknown}
 t - an uncursed amulet of the acrobat {unknown}
Scrolls
 h - 2 scrolls of remove curse
 l - a scroll of identify
 o - a scroll of fog
Potions
 f - 2 potions of stabbing
 g - 2 potions of brilliance
 m - a potion of heal wounds {unknown}
 n - a potion of resistance {unknown}
 q - a potion of haste
Comestibles
 c - 4 rations
 s - 4 chunks of flesh


   Skills:
 - Level 1.1 Fighting
 - Level 1.7 Dodging
 * Level 8.9 Unarmed Combat
 + Level 5.6 Spellcasting
 + Level 6.1 Transmutations


You had 8 spell levels left.
You knew the following spells:

 Your Spells              Type           Power        Failure   Level  Hunger
a - Beastly Appendage     Tmut           ###...       1%          1    None
b - Sticks to Snakes      Tmut           ###.....     1%          2    ##.....
c - Spider Form           Tmut/Pois      ##........   14%         3    ###....
d - Ice Form              Ice/Tmut       ##......     43%         4    ####...

Your spell library contained the following spells:

 Spells                   Type           Power        Failure   Level  Hunger
 Shock                    Conj/Air       #...         17%         1    None
 Swiftness                Chrm/Air       #.......     26%         2    ##.....
 Blade Hands              Tmut           ###.......   36%         5    ######.
 Static Discharge         Conj/Air       #.......     45%         3    ###....
 Airstrike                Air            #.........   86%         4    ####...
 Lightning Bolt           Conj/Air       #.........   99%         5    ######.


Dungeon Overview and Level Annotations

Branches:
Dungeon (6/15)             Temple (1/1) D:5

Altars:
Ashenzari
Cheibriados
Elyvilon
Fedhas
Gozag
Hepliaklqana
Kikubaaqudgha
Makhleb
Okawaru
Qazlal
Ru
Sif Muna
Trog
Uskayaw
Vehumet
Wu Jian
Xom
Yredelemnul
The Shining One

Shops:
D:5 }   D:6 }

Annotations:
D:5 2 transporters


Innate Abilities, Weirdness & Mutations

You can breathe waves of freezing cold.
You can buffet flying creatures when you breathe cold.
Your icy white scales are hard. (AC +6)
You cannot fit into any form of body armour.
Your flesh is cold resistant. (rC+)
You are cold-blooded and may be slowed by cold attacks.


Message History

* * * LOW HITPOINT WARNING * * *
You feel sick. The killer bee misses you. The killer bee barely misses you.
The bullfrog completely misses you.
The killer bee stings you but does no damage. x2
The bullfrog hits you.
* * * LOW HITPOINT WARNING * * *
The killer bee completely misses you. The killer bee stings you.
* * * LOW HITPOINT WARNING * * *
You can now pass through a line of other dancers.
Unknown command.
You slash the two-headed ogre!
You feel better.
You tail-slap the two-headed ogre!
The two-headed ogre is severely wounded.
You barely miss the bullfrog. You slash the killer bee!
You feel better.
You barely miss the killer bee.
* * * LOW HITPOINT WARNING * * *
You feel sick. The killer bee barely misses you. x2
The bullfrog barely misses you.
The two-headed ogre hits you with a +0 dire flail!
You die...

#.#
#######.###############
....................>!.
##.........O....#
#..###########.# #..#
#.# #..# #.# #..#
#O######### #..#
##@Fy...... ....
#yy....... ....
###..##### ..# ..# ..#
y.# ..# ..#


You could see a two-headed ogre, a bullfrog and 3 killer bees.

Vanquished Creatures
  Grinder (D:6)
  Menkaure (D:5)
  An ice beast (D:9)
  2 phantoms
  A sky beast (D:6)
  An ogre (D:6)
  2 centaurs (D:6)
  Blork the orc (D:5)
  A water moccasin zombie (D:6)
  A scorpion (D:5)
  2 crimson imps (D:6)
  2 jellies
  2 hounds
  4 orc priests
  6 orc wizards
  An iguana (D:6)
  3 worker ants
  A hound zombie (D:5)
  2 hound skeletons
  4 gnolls (D:3)
  5 adders
  3 oozes
  2 worms
  8 leopard geckos
  26 orcs
  2 ball pythons
  8 bats
  8 giant cockroaches
  4 goblins
  6 hobgoblins
  3 jackals (D:2)
  6 kobolds
  3 quokkas
  4 frilled lizards
  6 rats
133 creatures vanquished.

Notes
Turn   | Place    | Note
-------+----------+-------------------------------------------
     0 | D:1      | kae the Draconian Transmuter began the quest for the Orb.
     0 | D:1      | Reached XP level 1. HP: 16/16 MP: 3/3
   368 | D:1      | Reached XP level 2. HP: 18/23 MP: 3/5
   449 | D:1      | HP: 1/23 [leopard gecko (5)]
  1021 | D:1      | Reached XP level 3. HP: 11/28 MP: 6/6
  1025 | D:1      | Learned a level 2 spell: Sticks to Snakes
  1029 | D:1      | Learned a level 3 spell: Spider Form
  1565 | D:2      | Reached skill level 4 in Unarmed Combat
  2038 | D:2      | Reached XP level 4. HP: 11/35 MP: 7/7
  3430 | D:3      | Reached XP level 5. HP: 30/40 MP: 5/9
  3803 | D:3      | Found a sacrificial altar of Ru.
  3872 | D:3      | Found an iron altar of Okawaru.
  4391 | D:4      | Reached skill level 5 in Unarmed Combat
  5540 | D:5      | Entered Level 5 of the Dungeon
  5540 | D:5      | Found Eralo's Gadget Shop.
  5540 | D:5      | Noticed Menkaure
  5840 | D:5      | Reached XP level 6. HP: 37/47 MP: 6/11
  6102 | D:5      | Found a transporter.
  6116 | D:5      | Found a glowing golden altar of the Shining One.
  6755 | D:5      | Learned a level 4 spell: Ice Form
  6798 | D:5      | Found a transporter.
  6804 | D:5      | Found a staircase to the Ecumenical Temple.
  6821 | D:5      | Got a bloodstained hand axe
  6822 | D:5      | Identified the +5 hand axe of Iliur {vamp, *Corrode +Rage
                  | +Inv Stlth-} (You found it on level 5 of the Dungeon)
  6833 | Temple   | Entered the Ecumenical Temple
  6957 | Temple   | Became a worshipper of Uskayaw the Reveler
  6997 | D:5      | Reached * piety under Uskayaw
  7016 | D:5      | Reached skill level 6 in Unarmed Combat
  7016 | D:5      | Your scales start taking on an icy white colour.
  7016 | D:5      | Reached XP level 7. HP: 31/52 MP: 12/12
  7016 | D:5      | Gained mutation: Your flesh is cold resistant. (rC+) [White
                  | Draconian growth]
  7190 | D:5      | Reached ** piety under Uskayaw
  7191 | D:5      | Killed Menkaure
  7226 | D:5      | Found a burning altar of Makhleb.
  7321 | D:5      | Found a radiant altar of Vehumet.
  7466 | D:5      | Reached *** piety under Uskayaw
  7538 | D:5      | Noticed Blork the orc
  7549 | D:5      | Killed Blork the orc
  7797 | D:5      | Found a shimmering blue altar of Sif Muna.
  8371 | D:5      | Reached skill level 7 in Unarmed Combat
  8470 | D:6      | Reached XP level 8. HP: 50/59 MP: 9/14
  8496 | D:6      | Noticed Grinder
  8501 | D:6      | Paralysed by Grinder for 6 turns
  8839 | D:6      | Reached skill level 5 in Transmutations
  8862 | D:6      | Reached **** piety under Uskayaw
  8866 | D:6      | Killed Grinder
  8866 | D:6      | Reached skill level 5 in Spellcasting
  8928 | D:6      | Found Qeaseat's Gadget Boutique.
  8980 | D:6      | Reached skill level 8 in Unarmed Combat
  9273 | D:6      | Noticed an air elemental
  9282 | D:6      | Found a stormy altar of Qazlal.
  9892 | D:6      | You fall into a shaft and drop 3 floors!
 10093 | D:9      | Noticed a two-headed ogre
 10176 | D:9      | Mangled by a two-headed ogre

Levels and vault maps discovered:
D:1:      psy_arrival_conway, layout_basic, serial_corexii_hall,
          corexii_hall_statues_x, corexii_hall_statues_u,
          chequers_hall_statues_y
D:2:      layout_loops_corners, first_ration, st_stairs_8
D:3:      layout_basic, nicolae_ru_sacrificial_ziggurat, serial_curves,
          eino_curves_01, eino_curves_04, eino_curves_02, eino_curves_03,
          okawaru_trees_1
D:4:      layout_basic
D:5:      gammafunk_steamed_eel, layout_basic, lemuel_round_altar, tgw_sif,
          nicolae_overflow_crystal_walls, kennysheep_mini,
          minmay_temple_entry_offerings, serial_shops, nicolae_shop_stone,
          uniq_menkaure
D:6:      layout_cave_pools, portal_sewer_entry_f, serial_shops,
          nicolae_shop_competitors_out_of_business, chequers_jeans,
          nicolae_qazlal_style_of_elements, uniq_grinder,
          uniq_crazy_yiuf_cottage
D:9:      layout_long_grid, lair_entry_dummy,
          kennysheep_orc_monster_closet_entryway, serial_bayou_pond_c
Temple:   jpeg_temple_clearing

Skill      XL: |  1  2  3  4  5  6  7  8 |
---------------+-------------------------+-----
Unarmed Combat | 4 5 6 7 8 |  8.9
Transmutations | 3 4 6 |  6.1
Spellcasting   | 3 4 5 |  5.6
Fighting       | |  1.1
Dodging        | |  1.7

Action                   |  1- 3 |  4- 6 |  7- 9 || total
-------------------------+-------+-------+-------++-------
Melee: Unarmed           |    46 |    59 |    74 ||   179
       Kick              |    11 |     9 |     2 ||    22
       Tailslap          |     8 |    18 |    18 ||    44
       Hand axe          |    84 |   149 |   113 ||   346
       Headbutt          |     3 |     4 |     3 ||    10
       Punch             |     2 |     2 |     6 ||    10
 Cast: Beastly Appendage |    18 |    17 |     6 ||    41
       Spider Form       |       |    10 |     8 ||    18
       Sticks to Snakes  |       |     3 |     1 ||     4
       Ice Form          |       |       |     1 ||     1
Invok: Stomp             |       |       |     2 ||     2
 Abil: Evoke Berserk Rag |       |       |     1 ||     1
       Breathe Frost     |       |       |     6 ||     6
  Use: Scroll            |       |     7 |     3 ||    10
       Potion            |       |     3 |     1 ||     4
 Stab: Paralysed         |       |       |     1 ||     1
  Eat: Chunk             |     3 |    14 |     7 ||    24
       Ration            |       |     1 |     2 ||     3
Armor: Skin              |    46 |    62 |    76 ||   184
Dodge: Dodged            |   102 |   185 |   146 ||   433

Table legend:
 A = Non-vault XP
 B = Vault XP
 C = Vault XP percentage of total XP
 D = Non-vault monster count
 E = Vault monster count
 F = Vault count percentage of total count
                 A         B        C        D         E       F
            +---------+---------+-------+---------+---------+-------
      Total |    2174 |     561 |  20.5 |     119 |      10 |   7.8
            +---------+---------+-------+---------+---------+-------
        D:1 |      42 |       0 |   0.0 |      17 |       0 |   0.0
        D:2 |      66 |       2 |   2.9 |      18 |       1 |   5.3
        D:3 |     159 |       0 |   0.0 |      27 |       0 |   0.0
        D:4 |     111 |       0 |   0.0 |       9 |       0 |   0.0
        D:5 |     627 |     271 |  30.2 |      23 |       2 |   8.0
        D:6 |     987 |     288 |  22.6 |      21 |       7 |  25.0
        D:9 |     182 |       0 |   0.0 |       4 |       0 |   0.0
            +---------+---------+-------+---------+---------+-------
